 Dungeon Crawl Stone Soup version 0.27.1-3-gb3d3a73c9e (webtiles) character file.

Game seed: 4745565175781248589

48 MajorAdolf the Covered (level 3, -5/28 HPs)
             Began as a Naga Wanderer on Oct 7, 2021.
             Slain by a bullfrog (7 damage)
             ... on level 2 of the Dungeon.
             The game lasted 00:06:16 (3690 turns).

MajorAdolf the Covered (Naga Wanderer)              Turns: 3690, Time: 00:06:17

Health: -5/28      AC:  2    Str: 12    XL:     3   Next: 72%
Magic:  2/6        EV:  8    Int: 16    God:
Gold:   72         SH:  3    Dex:  9    Spells: 0/6 levels left

rFire    . . .     SeeInvis +   a - +0 hand crossbow
rCold    . . .     Faith    .   c - +0 buckler
rNeg     . . .     Spirit   .   d - +0 robe
rPois    +         Reflect  .   (no helmet)
rElec    .         Harm     .   (no cloak)
rCorr    .         Rampage  .   (no gloves)
Will     .....                  (no barding)
Stlth    +.........             (no amulet)
HPRegen  0.09/turn              (no ring)
MPRegen  0.10/turn              (no ring)

@: very slow
A: AC +1, large, see invisible, deformed body, poison resistance, slowness 2,
spit poison 1, naga tail 1
a: Spit Poison


You were on level 2 of the Dungeon.
You visited 1 branch of the dungeon, and saw 3 of its levels.

You collected 72 gold pieces.

Inventory:

Hand Weapons
 a - a +0 hand crossbow (weapon)
Missiles
 b - 46 bolts (quivered ammo)
Armour
 c - a +0 buckler (worn)
 d - a +0 robe (worn)
Scrolls
 e - 4 scrolls of identify
 i - a scroll of summoning
 j - a scroll of teleportation {unknown}
 k - a scroll of vulnerability {unknown}
Potions
 f - a potion of berserk rage {unknown}
 g - a potion of haste {unknown}
 h - 2 potions of flight {unknown}
 l - a potion of heal wounds {unknown}


   Skills:
 - Level 1.0 Crossbows
 - Level 3.2 Armour
 - Level 1.5 Stealth
 - Level 1.0 Shields
 + Level 2.2 Spellcasting
 + Level 2.1 Conjurations
 + Level 0.0 Summonings
 + Level 0.0 Air Magic
 - Level 2.0 Earth Magic
 + Level 0.2 Poison Magic


You couldn't memorise any spells.
You knew the following spells:

 Your Spells              Type           Power      Damage    Failure   Level
a - Magic Dart            Conj           32%        1d4       11%         1
b - Call Imp              Summ           1%         N/A       36%         2
c - Mephitic Cloud        Conj/Pois/Air  4%         N/A       50%         3

Your spell library contained the following spells:

 Spells                   Type           Power      Damage    Failure   Level
 Blink                    Tloc           N/A        N/A       38%         2
 Slow                     Hex            1%         N/A       38%         2
 Conjure Flame            Conj/Fire      5%         6-21      45%         3


Dungeon Overview and Level Annotations

Branches:
Dungeon (3/15)

Altars:
Gozag
Okawaru
Yredelemnul

Shops:
D:1 ((*[*   D:3 [=(

Annotations:
D:3 3 runed translucent doors, IHuginn's ghost, amateur GrFi; MajorAdolf's ghost, amateur NaWn; PanSaczeczos's ghost, amateur HOAK; PanSaczeczos's ghost, amateur VSFi


Innate Abilities, Weirdness & Mutations

Your serpentine skin is tough. (AC +1)
You have supernaturally acute eyesight. (SInv)
Armour fits poorly on your strangely shaped body.
Your system is resistant to poisons. (rPois)
You cover ground very slowly.
You can spit poison.
You have a snake-like lower body.


Message History

Magic restored.
You start resting.
HP restored.
You open the door.
There is an open door here.
There is a stone staircase leading down here.
You climb downwards.
Level annotation: 3 runed translucent doors, IHuginn's ghost, amateur GrFi; MajorAdolf's ghost, amateur NaWn; PanSaczeczos's ghost, amateur HOAK; PanSaczeczos's ghost, amateur VSFi The bullfrog gives a loud, deep croak!
The bat barely misses you.
Found an iron altar of Okawaru.
Found two stone staircases leading down.
There is a stone staircase leading up here.
Unknown command.
The bat hits you but does no damage. The bullfrog barely misses you.
You climb upwards.
There is a stone staircase leading down here.
Casting: Call Imp (quite dangerous; 36% risk of failure)
Confirm with . or Enter, or press ? or * to list all spells.
The spell is quite dangerous to cast (36% risk of failure)!
Continue anyway?
Okay, then.
Casting: Call Imp (quite dangerous; 36% risk of failure)
Confirm with . or Enter, or press ? or * to list all spells.
The spell is quite dangerous to cast (36% risk of failure)!
Continue anyway?
A beastly little devil appears in a puff of flame.
Your crimson imp says, "I'm here!"
The bullfrog hits you.
Unknown command.
Casting: Call Imp (quite dangerous; 36% risk of failure)
Confirm with . or Enter, or press ? or * to list all spells.
The spell is quite dangerous to cast (36% risk of failure)!
Continue anyway?
A metallic apparition takes form in the air.
The bullfrog hits you! x2
Unknown command.
The bullfrog hits you!
* * * LOW HITPOINT WARNING * * *
Your crimson imp hits the bullfrog.
Unknown command.
The bullfrog hits you!
You die...

.# #.# #.##.# .# #.#
#.##.# .#
#.########.##†# .#
#####.##.......##.# .#
#.....##.########.#
####.##.....# #...#.#
(#<..##.########.#.#.#
..............5F5..#.#
..####..####.#.#@###.#
..## #..# #...#.....#
...# #..# ###########
...# #..# ...###..#
........# >.#.##.##
..#.##.# ..#.##.#


You could see a bullfrog (ally target), a friendly iron imp (summoned) and a
friendly crimson imp (summoned).

Vanquished Creatures
  2 dart slugs
  An orc (D:3)
  6 ball pythons
  2 bats
  6 endoplasms
  2 giant cockroaches
  4 hobgoblins
  3 jackals (D:2)
  2 kobolds
  2 quokkas
  6 frilled lizards
  2 rats
38 creatures vanquished.

Vanquished Creatures (collateral kills)
  A giant cockroach (D:3)
  A hobgoblin (D:3)
2 creatures vanquished.

Vanquished Creatures (others)
  2 withered plants (D:3)
2 creatures vanquished.

Grand Total: 42 creatures vanquished

Notes
Turn   | Place    | Note
-------+----------+-------------------------------------------
     0 | D:1      | MajorAdolf the Naga Wanderer began the quest for the Orb.
     0 | D:1      | MajorAdolf set off with the following items: a +0 hand
                  | crossbow, 29 bolts, a +0 buckler, a +0 robe; and the
                  | following spell memorised: Magic Dart; and the following
                  | spells available to memorise: Blink, Call Imp, Slow,
                  | Conjure Flame, Mephitic Cloud
     0 | D:1      | Reached XP level 1. HP: 15/15 MP: 2/2
   292 | D:1      | Reached skill level 1 in Conjurations
   292 | D:1      | Reached XP level 2. HP: 14/22 MP: 2/4
   410 | D:1      | Found Pyuviego's Assorted Antiques.
   760 | D:1      | Found Tiafuse's Weapon Boutique.
   771 | D:1      | Found Kammith's Antique Weapon Shop.
   805 | D:1      | Found Xomor's General Store.
  1073 | D:1      | Found Zuquzazi's Antique Armour Shoppe.
  1679 | D:1      | Reached XP level 3. HP: 15/28 MP: 0/5
  2046 | D:2      | Found an opulent altar of Gozag.
  2052 | D:2      | Learned a level 2 spell: Call Imp
  2094 | D:2      | Found a faded altar of an unknown god.
  3017 | D:3      | Found a basalt altar of Yredelemnul.
  3059 | D:3      | Found Zulo Butt's Jewellery Emporium.
  3073 | D:3      | Found Osun's Antique Weapon Shoppe.
  3115 | D:3      | Found a runed translucent gate.
  3115 | D:3      | Found a runed translucent gate.
  3115 | D:3      | Found a runed translucent gate.
  3115 | D:3      | Noticed PanSaczeczos's ghost (amateur HOAK)
  3115 | D:3      | Noticed MajorAdolf's ghost (amateur NaWn)
  3115 | D:3      | Noticed IHuginn's ghost (amateur GrFi)
  3117 | D:3      | Noticed PanSaczeczos's ghost (amateur VSFi)
  3190 | D:3      | Learned a level 3 spell: Mephitic Cloud
  3355 | D:3      | Found Jamoon's Armour Emporium.
  3684 | D:3      | Noticed a bullfrog
  3684 | D:3      | Found an iron altar of Okawaru.
  3690 | D:2      | Slain by a bullfrog

Illustrated notes

Levels and vault maps discovered:
D:1:      minmay_arrival_four_houses, layout_loops_ring, serial_glass,
          glass_columns_a, glass_columns_a, serial_shops, shop,
          nicolae_shop_stone, nicolae_shop_waterfront, nicolae_shop_crystal,
          shop
D:2:      layout_basic, ebering_ecumenical_altar_webs, basic_altar,
          nrook_campfire
D:3:      layout_basic, nicolae_overflow_crystal_walls, okawaru_trees_2,
          gammafunk_ghost_cemetery, serial_shops, shop, shop,
          nicolae_shop_behind_doors

Skill      XL: |  1  2  3 |
---------------+----------+-----
Conjurations   | 1 2 |  2.1
Spellcasting   | 2 |  2.2
Crossbows      | |  1.0
Armour         | |  3.2
Stealth        | |  1.5
Shields        | |  1.0
Earth Magic    | |  2.0
Poison Magic   | |  0.2

Action                   || total
-------------------------++-------
 Fire: Hand crossbow     ||     3
 Cast: Magic Dart        ||    63
       Call Imp          ||     4
 Abil: Spit Poison       ||    34
  Use: Scroll            ||     1
Armor: Robe              ||    12
Dodge: Dodged            ||    21
Block: Buckler           ||     9
